 Dungeon Crawl Stone Soup version 0.27-a0-385-g3208abaabc (webtiles) character file.

Game seed: 2893538688041498787

5026 dolemite99 the Carver (level 10, -1/90 HPs)
             Began as a Minotaur Abyssal Knight on Feb 20, 2021.
             Was a Priest of Lugonu.
             Killed from afar by a ynoxinul (28 damage)
             ... with an iron shot
             ... summoned by a kobold demonologist
             ... in a bailey.
             The game lasted 00:12:01 (10140 turns).

dolemite99 the Carver (Minotaur Abyssal Knight)    Turns: 10140, Time: 00:12:01

Health: -1/90      AC: 17    Str: 19      XL:     10   Next: 30%
Magic:  0/14       EV:  6    Int:  6 (12) God:    Lugonu [***...]
Gold:   372        SH:  0    Dex: 11      Spells: 9/9 levels left

rFire    . . .     SeeInvis .   a - +0 scimitar
rCold    . . .     Faith    .   (no shield)
rNeg     . . .     Spirit   +   g - +0 plate armour
rPois    .         Reflect  .   (helmet restricted)
rElec    +         Harm     .   G - +2 cloak "Weimuazaimn" {rElec rCorr Int+3}
rCorr    +         Rampage  .   (no gloves)
Will     +....                  (no boots)
Stlth    ..........             B - amulet of guardian spirit
HPRegen  0.25/turn              q - ring of willpower
MPRegen  0.14/turn              z - ring of flight

@: no status effects
A: retaliatory headbutt, horns 2, blurry vision 1
a: Renounce Religion, Evoke Flight, Depart the Abyss, Bend Space, Banish


You were in a bailey.
You worshipped Lugonu.
Lugonu was most pleased with you.
You visited 1 branch of the dungeon, and saw 8 of its levels.
You visited the Abyss 1 time.
You also visited: Bailey.

You collected 574 gold pieces.
You spent 202 gold pieces at shops.

Inventory:

Hand Weapons
 a - a +0 scimitar (weapon)
 b - a +0 shortbow
 m - a +0 whip of pain
 w - a +0 arbalest of flaming
 I - a +1 falchion
 L - a +0 long sword
 M - a +2 vorpal hand axe
 N - a +4 hand axe
Missiles
 d - 20 boomerangs (quivered)
 h - 122 arrows
 k - 11 bolts
 u - 131 stones
 x - 3 datura-tipped darts
 A - 5 poisoned darts
 D - 72 sling bullets
 K - a throwing net
Armour
 f - a +0 scale mail
 g - a +0 plate armour (worn)
 y - a +0 kite shield
 G - the +2 cloak "Weimuazaimn" (worn) {rElec rCorr Int+3}
   (You found it on level 6 of the Dungeon)

   It affects your intelligence (+3).
   It insulates you from electricity.
   It provides partial protection from all sources of acid and corrosion.
Jewellery
 q - a ring of willpower (left hand)
 z - a ring of flight (right hand)
 B - an amulet of guardian spirit (around neck)
Wands
 C - a wand of random effects (17)
Scrolls
 c - a scroll of noise {unknown}
 e - 5 scrolls of identify {unknown}
 i - a scroll of magic mapping {unknown}
 l - 6 scrolls of fear {unknown}
 r - 3 scrolls of teleportation {unknown}
 t - a scroll of enchant armour {unknown}
 v - a scroll of fog {unknown}
 E - a scroll of immolation {unknown}
Potions
 j - 2 potions of cancellation {unknown}
 n - a potion of brilliance {unknown}
 o - 2 potions of resistance {unknown}
 p - 4 potions of curing
 s - 4 potions of invisibility {unknown}
 F - a potion of degeneration {unknown}
 H - 3 potions of attraction {unknown}
 J - a potion of flight {unknown}


   Skills:
 - Level 8.4 Fighting
 + Level 9.4 Long Blades
 - Level 5.9 Bows
 - Level 8.7 Armour
 - Level 1.1 Dodging
 + Level 7.7 Invocations


You had 9 spell levels left.
You didn't know any spells.
Your spell library contained the following spells:

 Spells                   Type           Power        Failure   Level
 Animate Skeleton         Necr           0%           100%        1
 Apportation              Tloc           0%           100%        1
 Corona                   Hex            0%           100%        1
 Summon Small Mammal      Summ           0%           100%        1


Dungeon Overview and Level Annotations

Branches:
Dungeon (8/15)             Temple (0/1) D:7          Bailey (1/1)
   Lair: D:8-11

Altars:
Dithmenos
Elyvilon
Okawaru
Xom

Shops:
D:6 (

Annotations:
Abyss:1 Harold, Pikel


Innate Abilities, Weirdness & Mutations

You reflexively headbutt those who attack you in melee.
You have a pair of horns on your head.
Scrolls take you a little longer to read.


Message History

You feel dopey. Something feeds on your intellect!
The iron imp hits you but does no damage.
The hellwing hits you but does no damage. x2
You hit the kobold demonologist but do no damage.
The kobold demonologist is heavily wounded.
The ynoxinul barely misses you.
The kobold demonologist hits you with a +0 war axe.
The neqoxec hits you but does no damage.
The iron imp hits you! The hellwing hits you!
The hellwing hits you but does no damage.
You hit the kobold demonologist but do no damage.
The kobold demonologist is heavily wounded.
The ynoxinul barely misses you. The neqoxec gestures at you.
Strange energies course through your body.
Your vision blurs.
The kobold demonologist hits you but does no damage.
The iron imp hits you!
* * * LOW HITPOINT WARNING * * *
The hellwing barely misses you. You furiously retaliate!
You headbutt the hellwing, but do no damage.
You riposte.
You hit the hellwing but do no damage.
You headbutt the hellwing, but do no damage.
The hellwing hits you but does no damage.
Your plate armour prevents you from hitting the kobold demonologist.
You headbutt the kobold demonologist, but do no damage.
The kobold demonologist is heavily wounded.
The ynoxinul gestures.
The neqoxec gestures at you.
You feel dopey. Something feeds on your intellect!
The kobold demonologist hits you but does no damage.
The hellwing hits you but does no damage.
The hellwing barely misses you.
You hit the kobold demonologist.
Your headbutt misses the kobold demonologist.
The kobold demonologist is heavily wounded.
The ynoxinul gestures at you. The iron shot hits you!!
You die...

≈≈≈≈≈≈≈≈≈≈...≈≈≈≈≈≈≈≈≈≈
≈≈≈≈≈≈≈≈≈≈...≈≈≈≈≈≈≈≈≈≈
######≈≈≈≈...≈≈≈≈######
#...........#
#####'''#####
#..5.....+ #.5'.....+
####43#..⌠..#
#...@.#.....#
#.8K35#.....#
#...o.####### #.8)###
#..)§5.K.3. #.8.§4.....
+........_. ##+#.......
#######


You could see a hellwing (summoned), a kobold demonologist, a neqoxec
(summoned), a ynoxinul (summoned), an iron imp (summoned), an orc and 2 ufetubi.

Vanquished Creatures
  Joseph (D:7)
  Prince Ribbit (D:6)
  A wraith (D:7)
  A water moccasin (D:7)
  2 orc warriors
  An ice beast (D:5)
  3 ogres
  A centaur (D:5)
  3 lemures
  3 bullfrogs
  2 scorpions
  An electric eel (Bailey)
  A howler monkey (D:6)
  A centaur zombie (D:7)
  4 hounds
  5 orc priests
  2 jellies
  Ijyb (D:5)
  2 centaur skeletons
  4 orc wizards
  5 worker ants
  A hound zombie (D:7)
  2 hound skeletons
  A howler monkey zombie (D:8)
  A worker ant zombie (D:6)
  A howler monkey skeleton (D:5)
  3 gnolls (Bailey)
  12 adders
  A shadow imp (D:6)
  2 ufetubi (D:5)
  2 oozes
  3 adder skeletons
  2 worms
  3 dart slugs (D:3)
  4 leopard geckos
  28 orcs
  7 giant cockroaches
  5 hobgoblins
  10 jackals
  4 quokkas
  8 bats
  7 frilled lizards
  9 goblins
  A jackal skeleton (D:5)
  6 kobolds
  A leopard gecko skeleton (D:4)
  A leopard gecko zombie (D:6)
  2 quokka skeletons
  9 rats
181 creatures vanquished.

Vanquished Creatures (others)
  A worker ant (D:4)
  An orc wizard (D:4)
  3 orcs (D:4)
  A giant cockroach (D:4)
  2 quokkas
  A ball python (D:4)
9 creatures vanquished.

Grand Total: 190 creatures vanquished

Notes
Turn   | Place    | Note
-------+----------+-------------------------------------------
     0 | Abyss:1  | dolemite99 the Minotaur Abyssal Knight began the quest for
                  | the Orb.
     0 | Abyss:1  | Reached XP level 1. HP: 19/19 MP: 1/1
     7 | D:1      | Escaped the Abyss
   153 | D:1      | Reached skill level 3 in Long Blades
   232 | D:1      | Reached XP level 2. HP: 26/26 MP: 2/2
   430 | D:1      | Reached skill level 4 in Long Blades
   618 | D:1      | Reached ** piety under Lugonu
   672 | D:1      | Reached XP level 3. HP: 31/31 MP: 3/3
  1478 | D:2      | Reached skill level 5 in Long Blades
  1663 | D:2      | Reached XP level 4. HP: 39/39 MP: 4/4
  2319 | D:3      | Reached *** piety under Lugonu
  2332 | D:3      | Reached skill level 6 in Long Blades
  2425 | D:3      | Found an iron altar of Okawaru.
  2538 | D:3      | Reached XP level 5. HP: 41/45 MP: 5/5
  3331 | D:4      | Reached XP level 6. HP: 47/51 MP: 7/7
  3405 | D:4      | Found a shimmering altar of Xom.
  3554 | D:4      | Reached skill level 5 in Invocations
  4392 | D:5      | Entered Level 5 of the Dungeon
  4394 | D:5      | Noticed Ijyb
  4429 | D:5      | Killed Ijyb
  4484 | D:5      | Noticed Pikel
  5015 | D:4      | Banished Pikel
  5016 | D:4      | Reached skill level 7 in Long Blades
  5016 | D:4      | Reached XP level 7. HP: 23/57 MP: 0/11
  5335 | D:5      | Reached skill level 8 in Long Blades
  5335 | D:5      | Reached XP level 8. HP: 62/64 MP: 10/12
  6815 | D:6      | Reached skill level 5 in Armour
  6875 | D:6      | Found a white marble altar of Elyvilon.
  7102 | D:6      | Found Xavyemma's Antique Weapon Shop.
  7120 | D:6      | Got a faintly humming cloak
  7126 | D:6      | Identified the +2 cloak "Weimuazaimn" {rElec rCorr Int+3}
                  | (You found it on level 6 of the Dungeon)
  7131 | D:6      | Bought a glowing arbalest for 202 gold pieces
  7313 | D:6      | Found a shadowy altar of Dithmenos.
  7407 | D:6      | Reached skill level 5 in Fighting
  7407 | D:6      | Reached XP level 9. HP: 69/74 MP: 4/13
  7480 | D:6      | Noticed Prince Ribbit
  7506 | D:6      | Killed Prince Ribbit
  8545 | D:7      | Found a staircase to the Ecumenical Temple.
  8551 | D:7      | Noticed Joseph
  8580 | D:7      | Killed Joseph
  9165 | D:7      | Reached skill level 5 in Bows
  9405 | D:7      | Noticed Harold
  9429 | D:7      | Banished Harold
  9430 | D:7      | Reached XP level 10. HP: 72/88 MP: 7/14
  9936 | D:8      | Found a flagged portal.
  9954 | Bailey   | Entered a bailey
 10111 | Bailey   | Found an iron altar of Okawaru.
 10111 | Bailey   | Noticed an orc high priest
 10114 | Bailey   | Noticed an orange demon
 10117 | Bailey   | Banished an orc high priest
 10118 | Bailey   | Reached skill level 9 in Long Blades
 10138 | Bailey   | Gained mutation: Scrolls take you a little longer to read.
                  | [a neqoxec]
 10140 | Bailey   | Killed from afar by a ynoxinul

Illustrated notes

Levels and vault maps discovered:
D:1:      amcnicky_arrival_blooded_trapdoor, layout_rooms
D:2:      layout_basic
D:3:      layout_loops_ring, okawaru_gym_becter
D:4:      layout_basic, xom_confusion_cloud
D:5:      layout_cave_pools, serial_park, serial_park_tiny_2,
          serial_park_square1 [serial_park_minivault_5x5_5], serial_park_square3
          [serial_park_minivault_5x5_1], kennysheep_generic_room_11, uniq_pikel,
          uniq_ijyb
D:6:      layout_layer_cave, nicolae_dithmenos_shadow_blocks, serial_shops,
          shop, elyvilon_altar_4, uniq_prince_ribbit1
D:7:      layout_gridville, minmay_temple_entry_statues_fountains, uniq_harold,
          uniq_joseph
D:8:      minmay_octagon_keep, layout_basic, lair_entry_dummy, enter_bailey_2
Bailey:   bailey_axe_of_yendor_kennysheep, bailey

Skill      XL: |  1  2  3  4  5  6  7  8  9 10 |
---------------+-------------------------------+-----
Long Blades    | 3 4 5 6 7 8 9 |  9.4
Invocations    | 3 6 7 |  7.7
Bows           | 3 5 |  5.9
Armour         | 6 8 |  8.7
Fighting       | 5 8 |  8.4
Dodging        | |  1.1

Action                   |  1- 3 |  4- 6 |  7- 9 | 10-12 || total
-------------------------+-------+-------+-------+-------++-------
Melee: Falchion          |    92 |   251 |   161 |       ||   504
       Headbutt          |    16 |    39 |    31 |    12 ||    98
       Long sword        |       |       |    13 |     4 ||    17
       Scimitar          |       |       |       |    29 ||    29
 Fire: Shortbow          |       |       |   169 |    52 ||   221
       Arbalest          |       |       |     3 |       ||     3
Throw: Dart              |       |    16 |       |       ||    16
       Boomerang         |       |    10 |     8 |     1 ||    19
Invok: Banish            |       |     1 |     7 |     4 ||    12
  Use: Scroll            |       |       |     2 |       ||     2
Armor: Scale mail        |     7 |       |       |       ||     7
       Leather armour    |     4 |       |       |       ||     4
       Plate armour      |    65 |   159 |   180 |    61 ||   465
Dodge: Dodged            |    41 |    47 |    70 |    26 ||   184
Block: Kite shield       |       |    47 |    17 |       ||    64
       Rpst.: Falchion   |    11 |    12 |    15 |       ||    38
       Long sword        |       |       |     1 |     1 ||     2
       Scimitar          |       |       |       |     7 ||     7

Table legend: (Time is in decaauts)
 A = Elapsed time spent in this place.
 B = Non-inter-level travel time spent in this place.
 C = Inter-level travel time spent in this place.
 D = Time resting spent in this place.
 E = Time spent auto-exploring this place.
 F = Levels seen in this place.
 G = Mean time per level.
                   A        B        C        D        E       F      G
               +--------+--------+--------+--------+--------+-----+--------+
         Total |  10190 |   9830 |    360 |   3237 |   4570 |  10 | 1019.0 |
       Dungeon |  10000 |   9640 |    360 |   3219 |   4467 |   8 | 1250.0 |
         Abyss |      7 |      7 |      0 |      0 |      0 |   1 |    7.0 |
        Bailey |    182 |    182 |      0 |     18 |    103 |   1 |  182.0 |
               +--------+--------+--------+--------+--------+-----+--------+

Top non-repeatable levels by time:
     D:4: 1830 daAuts
     D:6: 1766 daAuts
     D:3: 1418 daAuts
     D:5: 1357 daAuts
     D:7: 1325 daAuts
     D:2: 1238 daAuts
     D:1: 854 daAuts
     D:8: 209 daAuts
  Bailey: 182 daAuts
 Abyss:1: 7 daAuts
